 Dungeon Crawl Stone Soup version 0.20.1-1-g8b1a95d (webtiles) character file.

12262 grizmgrazm2 the Thaumaturge (level 11, -19/72 HPs)
             Began as a Vampire Enchanter on Sept 30, 2017.
             Was a High Priest of Sif Muna.
             Demolished by Snorg (21 damage)
             ... on level 11 of the Dungeon.
             The game lasted 01:01:55 (19806 turns).

grizmgrazm2 the Thaumaturge (Vampire Enchanter)    Turns: 19806, Time: 01:01:56

Health: -19/72     AC:  0    Str:  7    XL:     11   Next: 60%
Magic:  19/28      EV: 22    Int: 20    God:    Sif Muna [*****.]
Gold:   602        SH:  5    Dex: 21    Spells: 21/36 levels left

rFire    . . .     SeeInvis +   (weapon currently unavailable)
rCold    + . .     Gourm    .   (shield currently unavailable)
rNeg     + + .     Faith    .   (armour currently unavailable)
rPois    +         Spirit   .   (helmet currently unavailable)
rElec    .         Reflect  +   (cloak currently unavailable)
rCorr    .         Harm     .   (gloves currently unavailable)
MR       +....                  (boots currently unavailable)
Stlth    ++++++++..             a - +5 amulet of reflection
Regen    0.2/turn               (ring currently unavailable)
MPRegen  0.3/turn               (ring currently unavailable)

@: bat-form, flying, regenerating slowly, very quick
A: fangs 3, see invisible
a: End Transformation, Divine Energy, Channel Magic, Forget Spell, Renounce
Religion


You were on level 11 of the Dungeon.
You worshipped Sif Muna.
Sif Muna was extremely pleased with you.
You were very thirsty.
You were in vampire-bat-form.
You visited 2 branches of the dungeon, and saw 12 of its levels.
You also visited: Ossuary.

You collected 602 gold pieces.

Inventory:

Hand Weapons
 x - a +3 vampiric dagger
 F - a +2 dagger of chaos (melded)
Armour
 b - a +0 robe (melded)
 e - a +0 pair of boots (melded)
 A - a +1 hat (melded)
 B - the +2 helmet "Barewaxt" {rElec Str-2 Dex+2}
   (You found it on level 9 of the Dungeon)

   It affects your strength (-2).
   It affects your dexterity (+2).
   It insulates you from electricity.
 G - a +0 pair of gloves (melded)
Jewellery
 a - a +5 amulet of reflection (around neck)
 f - a +3 ring of dexterity (melded)
 j - an uncursed ring of teleportation
 k - an uncursed amulet of magic regeneration
 o - an uncursed ring of resist corrosion
 u - a ring of wizardry (melded)
 y - an uncursed amulet of rage {unknown}
Wands
 d - a wand of flame (16/48)
 n - a wand of random effects (44/48)
 p - a wand of random effects (16/48)
 t - a wand of confusion (27/48)
 w - a wand of random effects (29/48)
 z - a wand of iceblast (6/15)
Scrolls
 h - a scroll of amnesia
 m - 5 scrolls of teleportation
 q - 4 scrolls of remove curse
 r - a scroll of identify
Potions
 g - 14 potions of blood
 i - 5 potions of brilliance
 l - 2 potions of flight
 s - 2 potions of ambrosia
 v - a potion of cancellation
 C - 2 potions of berserk rage {unknown}
 D - a potion of magic {unknown}
Books
 c - a book of Maledictions

   Spells                             Type                      Level
   a - Corona                         Hexes                        1
   b - Ensorcelled Hibernation        Hexes/Ice                    2
   c - Confuse                        Hexes                        3
   d - Tukima's Dance                 Hexes                        3
   e - Dazzling Spray                 Conjuration/Hexes            3
 E - a book of Enchantments

   Spells                             Type                      Level
   a - Cause Fear                     Hexes                        4
   b - Yara's Violent Unravelling     Hexes/Transmutation          5
   c - Silence                        Hexes/Air                    5
   d - Deflect Missiles               Charms/Air                   6
   e - Discord                        Hexes                        8


   Skills:
 + Level 1.9 Fighting
 + Level 5.4 Short Blades
 + Level 3.8 Dodging
 + Level 12.6 Stealth
 * Level 13.0 Spellcasting
 * Level 12.4 Hexes
 + Level 0.6 Evocations


You had 21 spell levels left.
You knew the following spells:

 Your Spells              Type           Power        Failure   Level  Hunger
a - Confuse               Hex            ######..     1%          3    None
b - Tukima's Dance        Hex            ######..     1%          3    None
c - Corona                Hex            ######.      1%          1    None
d - Discord               Hex            ######....   89%         8    #######


Dungeon Overview and Level Annotations

Branches:
Dungeon (11/15)            Temple (1/1) D:4
   Lair: D:8-11         Orc: D:9-12

Altars:
Ashenzari
Cheibriados
Dithmenos
Elyvilon
Fedhas
Gozag
Hepliaklqana
Kikubaaqudgha
Makhleb
Nemelex Xobeh
Okawaru
Qazlal
Ru
Sif Muna
Trog
Uskayaw
Vehumet
Xom
Yredelemnul
Zin
The Shining One

Shops:
D:4 (   D:7 %

Annotations:
D:9 exclusion: oklob sapling
D:11 Snorg


Innate Abilities, Weirdness & Mutations

You heal slowly.
You have razor-sharp teeth.
You have supernaturally acute eyesight. (SInv)
((You can survive without breathing.))


Message History

F - a +2 dagger of chaos (weapon)
Snorg bites you!
* * * LOW HITPOINT WARNING * * *
You block Snorg's attack. Snorg claws you.
* * * LOW HITPOINT WARNING * * *
Okay, then.
Okay, then.
Unknown command.
You turn into a vampire bat.
Your +2 dagger of chaos melds into your body.
Your +1 hat melds into your body.
Your +0 pair of gloves melds into your body.
Your +0 pair of boots melds into your body.
Your +0 robe melds into your body.
Your +3 ring of dexterity melds into your body.
Your ring of wizardry melds into your body.
You feel clumsy. You block Snorg's attack. Snorg misses you.
You block Snorg's attack. Snorg bites you!!
You die...

.........#..'........
.........#.##....>...
.........#.##........
...........##........
.........####........
.........# #.[......
.........# #........
#######.## #........
#.FTb...# #########
####.#######
#.....F.T.####
#............# ###+##
#.........##.######.....
#.........##......#.....
#.........#######.'.....
#.........# ###.....
#.........# #.....


You could see Snorg (berserk) and a bullfrog.

Vanquished Creatures
  Pikel (D:5)
  Psyche (D:11)
  A komodo dragon (D:10)
  A troll (D:9)
  A queen bee (D:9)
  Grinder (D:6)
  A hornet (D:8)
  4 hippogriffs
  Sigmund (D:3)
  A dancing weapon (D:4)
  A wraith (D:10)
  10 yaks
  A wyvern (D:10)
  A soldier ant (D:8)
  Edmund (D:6)
  Duvessa (D:5)
  2 water moccasins
  A black bear (D:9)
  A necrophage (D:5)
  2 ice beasts
  4 phantoms
  3 orc warriors
  2 sky beasts
  2 ogres
  2 wolves (D:9)
  A big kobold (D:8)
  6 bullfrogs
  Dowan (D:5)
  3 scorpions
  6 water moccasin zombies
  13 killer bees
  A wight (D:11)
  A bullfrog zombie (D:10)
  6 howler monkeys
  6 crimson imps
  A centaur zombie (D:10)
  A human zombie (D:8)
  3 hounds
  5 orc priests
  A bullfrog skeleton (D:10)
  3 jellies
  7 orc wizards
  An iguana (D:6)
  9 worker ants
  6 big kobold zombies (Ossuary)
  A hound skeleton (D:3)
  2 mummies (Ossuary)
  3 gnolls (D:2)
  13 adders
  2 shadow imps
  3 oozes
  4 adder zombies
  3 worms
  A dart slug (D:3)
  7 leopard geckos
  51 orcs
  14 giant cockroaches
  10 goblins
  7 hobgoblins
  13 jackals
  22 kobolds
  5 quokkas
  10 ball pythons
  10 bats
  8 frilled lizards
  2 gnoll zombies (Ossuary)
  7 hobgoblin zombies (Ossuary)
  6 kobold zombies (Ossuary)
  4 orc zombies (Ossuary)
  A quokka zombie (D:9)
  5 rats
  A butterfly (D:8)
343 creatures vanquished.

Vanquished Creatures (collateral kills)
  Grum (D:9)
  4 orc warriors
  3 wights (D:11)
  An orc priest (D:10)
  A worker ant (D:8)
  10 orcs
  A hobgoblin (D:4)
21 creatures vanquished.

Vanquished Creatures (others)
  A dancing weapon (D:4)
  2 slaves (D:5)
  A hound (D:5)
  A gnoll shaman (D:5)
  An iguana (D:5)
  An orc wizard (D:5)
  5 gnolls (D:5)
  An adder (D:5)
  An orc (D:5)
  A gnoll zombie (Ossuary)
  6 plants (D:9)
21 creatures vanquished.

Grand Total: 385 creatures vanquished

Notes
Turn   | Place    | Note
-------+----------+-------------------------------------------
     0 | D:1      | grizmgrazm2 the Vampire Enchanter began the quest for the Orb.
     0 | D:1      | Reached XP level 1. HP: 13/13 MP: 3/3
   131 | D:1      | Found a snail-covered altar of Cheibriados.
   337 | D:1      | Reached XP level 2. HP: 7/19 MP: 3/5
  1525 | D:2      | Reached XP level 3. HP: 25/25 MP: 6/6
  1530 | D:2      | Learned a level 3 spell: Confuse
  2460 | D:1      | Reached skill level 5 in Hexes
  2855 | D:2      | Reached skill level 5 in Stealth
  3446 | D:2      | Reached XP level 4. HP: 26/31 MP: 3/7
  3451 | D:2      | Learned a level 3 spell: Tukima's Dance
  5146 | D:4      | Found a staircase to the Ecumenical Temple.
  5152 | Temple   | Entered the Ecumenical Temple
  5264 | D:4      | Found Zuxtet's Antique Weapon Shoppe.
  5872 | D:3      | Reached skill level 3 in Spellcasting
  6107 | D:3      | Reached XP level 5. HP: 12/36 MP: 5/9
  7283 | D:3      | Found a sparkling altar of Nemelex Xobeh.
  7316 | D:3      | Noticed Sigmund
  7353 | D:3      | Killed Sigmund
  7353 | D:3      | Reached XP level 6. HP: 32/42 MP: 6/11
  8082 | D:2      | Reached skill level 4 in Spellcasting
  8491 | D:4      | Reached skill level 1 in Fighting
  8858 | D:4      | Reached XP level 7. HP: 47/48 MP: 10/13
  9505 | D:5      | Entered Level 5 of the Dungeon
  9932 | D:5      | Noticed Pikel
  9962 | D:5      | Killed Pikel
  9962 | D:5      | Reached skill level 5 in Spellcasting
  9962 | D:5      | Reached XP level 8. HP: 47/54 MP: 13/16
 10919 | D:5      | Noticed Duvessa
 10919 | D:5      | Noticed Dowan
 10956 | D:5      | Killed Duvessa
 11000 | D:5      | Killed Dowan
 11000 | D:5      | Reached skill level 6 in Spellcasting
 11391 | D:6      | Noticed Grinder
 11438 | D:6      | Killed Grinder
 11536 | D:6      | Reached XP level 9. HP: 59/59 MP: 13/18
 12086 | D:6      | Reached skill level 10 in Hexes
 12232 | D:6      | Found a shadowy altar of Dithmenos.
 12233 | D:6      | Noticed Edmund
 12234 | D:6      | Found a deep blue altar of Sif Muna.
 12234 | D:6      | Found an ancient bone altar of Kikubaaqudgha.
 12234 | D:6      | Found a burning altar of Makhleb.
 12237 | D:6      | Found a hazy altar of Hepliaklqana.
 12238 | D:6      | Killed Edmund
 12245 | D:6      | Found a sacrificial altar of Ru.
 12252 | D:6      | Became a worshipper of Sif Muna the Loreminder
 12281 | D:6      | Reached * piety under Sif Muna
 12281 | D:6      | Reached ** piety under Sif Muna
 12281 | D:6      | Reached *** piety under Sif Muna
 12281 | D:6      | Reached skill level 12 in Spellcasting
 12281 | D:6      | Reached XP level 10. HP: 66/66 MP: 19/26
 12656 | D:7      | Reached skill level 10 in Stealth
 12787 | D:7      | Found a basalt altar of Yredelemnul.
 13017 | D:7      | Found Nizer's Food Shop.
 13169 | D:8      | Found a runed door.
 13183 | D:8      | Found a runed door.
 13311 | D:8      | Found a white marble altar of Elyvilon.
 13397 | D:8      | Found a bloodstained altar of Trog.
 13520 | D:8      | Found a sand-covered staircase.
 13537 | Ossuary  | Entered an ossuary
 14823 | D:7      | Reached **** piety under Sif Muna
 16116 | D:9      | Got a steaming helmet
 16127 | D:9      | Identified the +2 helmet "Barewaxt" {rElec Str-2 Dex+2} (You found it on level 9 of the Dungeon)
 16309 | D:9      | Noticed Grum
 16339 | D:9      | Killed Grum
 16490 | D:9      | Reached XP level 11. HP: 71/71 MP: 15/27
 17021 | D:9      | Reached skill level 5 in Short Blades
 18048 | D:10     | Entered Level 10 of the Dungeon
 18759 | D:10     | Learned a level 8 spell: Discord
 18825 | D:10     | Reached ***** piety under Sif Muna
 19492 | D:11     | Reached skill level 13 in Spellcasting
 19627 | D:11     | Noticed Psyche
 19635 | D:11     | Killed Psyche
 19777 | D:11     | Noticed Snorg
 19805 | D:11     | HP: 2/72 [Snorg (5)]
 19806 | D:11     | Demolished by Snorg

Skill      XL: |  1  2  3  4  5  6  7  8  9 10 11 |
---------------+----------------------------------+-----
Hexes          | 5 6 7 8 9 10 11 12 | 12.4
Stealth        | 5 6 8 9 11 12 | 12.6
Short Blades   | 2 3 4 5 |  5.4
Spellcasting   | 3 4 5 6 12 13 | 13.0
Fighting       | 1 |  1.9
Dodging        | 3 |  3.8
Evocations     | |  0.6

Action                   |  1- 3 |  4- 6 |  7- 9 | 10-12 || total
-------------------------+-------+-------+-------+-------++-------
Melee: Dagger            |   129 |   301 |   204 |   711 ||  1345
       Bite              |     8 |    31 |    27 |    82 ||   148
       Unarmed           |       |       |       |     1 ||     1
 Cast: Corona            |    37 |    10 |     6 |       ||    53
       Confuse           |    15 |    63 |    54 |   224 ||   356
       Tukima's Dance    |       |    20 |    12 |    16 ||    48
 Abil: Bat Form          |       |     3 |       |     6 ||     9
       End Transformatio |       |     3 |       |     5 ||     8
Evoke: Wand              |       |     8 |       |       ||     8
  Use: Scroll            |     3 |     8 |     7 |    15 ||    33
       Potion            |     3 |    11 |     5 |    18 ||    37
 Stab: Sleeping          |     9 |     7 |    14 |    38 ||    68
       Confused          |     4 |    21 |    32 |   139 ||   196
       Distracted        |       |       |       |     3 ||     3
Armor: Robe              |    55 |    42 |    16 |    53 ||   166
Dodge: Dodged            |   124 |   177 |    64 |   333 ||   698
Block: Other             |       |       |       |   108 ||   108
       Reflection        |       |       |       |     6 ||     6
